 Dungeon Crawl Stone Soup version 0.23.2 (webtiles) character file.

Game seed: 17950861836579975945

114 lysyklops the Shield-Bearer (level 4, 0/28 HPs)
             Began as a Gargoyle Fighter on Apr 5, 2019.
             Splashed by a jelly's acid (5 damage)
             ... on level 2 of the Dungeon.
             The game lasted 00:02:33 (1529 turns).

lysyklops the Shield-Bearer (Gargoyle Fighter)      Turns: 1529, Time: 00:02:34

Health: 0/28       AC: 10    Str: 20    XL:     4   Next: 97%
Magic:  4/4        EV:  8    Int:  9    God:
Gold:   142        SH:  9    Dex:  9    Spells: 3/3 levels left

rFire    . . .     SeeInvis .   a - +0 flail
rCold    . . .     Gourm    .   c - +0 shield
rNeg     + . .     Faith    .   b - +0 scale mail
rPois    ∞         Spirit   .   (no helmet)
rElec    +         Reflect  .   (no cloak)
rCorr    .         Harm     .   (no gloves)
MR       .....                  (no boots)
Stlth    ..........             (no amulet)
HPRegen  0.09/turn              (no ring)
MPRegen  0.09/turn              (no ring)

@: no status effects
A: negative energy resistance 1, electricity resistance, unbreathing,
petrification resistance, rot immunity, AC +3
a: no special abilities


You were on level 2 of the Dungeon.
You were not hungry.

You visited 1 branch of the dungeon, and saw 2 of its levels.

You collected 142 gold pieces.

Inventory:

Hand Weapons
 a - a +0 flail (weapon)
Armour
 b - a +0 scale mail (worn)
 c - a +0 shield (worn)
Jewellery
 l - an uncursed ring of protection from magic {unknown}
Scrolls
 e - a scroll of teleportation {unknown}
 j - a scroll of enchant armour {unknown}
 m - a scroll of remove curse {unknown}
 q - a scroll of identify {unknown}
 s - a scroll of enchant weapon {unknown}
 t - a scroll of noise {unknown}
Potions
 d - 3 potions of might
 g - a potion of haste {unknown}
 h - a potion of ambrosia {unknown}
 i - a potion of flight {unknown}
 k - a potion of agility {unknown}
 n - a potion of lignification {unknown}
 o - a potion of mutation {unknown}
 p - a potion of brilliance {unknown}
 r - a potion of degeneration {unknown}
Comestibles
 f - 3 rations


   Skills:
 + Level 3.6 Fighting
 + Level 2.6 Maces & Flails
 + Level 3.8 Armour
 + Level 1.7 Dodging
 + Level 4.2 Shields


You had 3 spell levels left.
You didn't know any spells.
Your spell library was empty.

Dungeon Overview and Level Annotations

Branches:
Dungeon (2/15)

Altars:
Uskayaw


Innate Abilities, Weirdness & Mutations

You are resistant to torment.
Your stone body is resilient. (AC +3)
You are immune to poison.
You resist negative energy. (rN+)
You are resistant to electric shocks. (rElec)
You can survive without breathing.
You are immune to petrification.
You are immune to rotting.


Message History

You are too injured to fight recklessly!
You are too injured to fight recklessly!
You are too injured to fight recklessly!
You are too injured to fight recklessly!
You are too injured to fight recklessly!
You are too injured to fight recklessly!
You see here 2 stones.
You see here a stone.
You see here a stone.
There is an open door here.
You block the jelly's attack.
The ooze jiggles.
Things that are here:
a +0 club; a kobold skeleton
There is an open gate here.
You see here a stone.
You see here 2 stones.
The jelly jiggles.
You thump the jelly!
Your hands burn!
You die...

##### ### #...# ### #.# ######
#...# #.###### #.#
.....###...###.J@...##### #.#
##.........##..###......#######.#
##...##....##..# #..............#
##...##.#.###..###..#............
......).......J.........<........
###.............##..#.#.###.#....
###..####..##.J.............#.#..
...(.......###..........###.#....
.....####.####.######............


You could see a jelly.

Vanquished Creatures
  A jelly (D:2)
  7 oozes (D:2)
  2 leopard geckos (D:1)
  3 giant cockroaches
  5 goblins (D:1)
  4 hobgoblins
  A quokka (D:2)
  2 ball pythons (D:1)
  7 bats
  2 frilled lizards
  15 kobolds
  6 rats
55 creatures vanquished.

Vanquished Creatures (others)
  3 fungi (D:2)
  7 toadstools (D:2)
10 creatures vanquished.

Grand Total: 65 creatures vanquished

Notes
Turn   | Place    | Note
-------+----------+-------------------------------------------
     0 | D:1      | lysyklops the Gargoyle Fighter began the quest for the Orb.
     0 | D:1      | Reached XP level 1. HP: 14/14 MP: 1/1
   223 | D:1      | Reached XP level 2. HP: 19/19 MP: 2/2
   452 | D:1      | Reached XP level 3. HP: 23/23 MP: 3/3
  1182 | D:2      | Found a hide-covered altar of Uskayaw.
  1477 | D:2      | Reached XP level 4. HP: 17/28 MP: 4/4
  1479 | D:2      | Reached skill level 1 in Dodging
  1481 | D:2      | Reached skill level 4 in Shields
  1529 | D:2      | Splashed by a jelly's acid

Skill      XL: |  1  2  3  4 |
---------------+-------------+-----
Dodging        | 1 |  1.7
Shields        | 4 |  4.2
Fighting       | |  3.6
Maces & Flails | |  2.6
Armour         | |  3.8

Action                   |  1- 3 |  4- 6 || total
-------------------------+-------+-------++-------
Melee: Flail             |   196 |    18 ||   214
  Eat: Ration            |     1 |       ||     1
Armor: Scale mail        |   117 |     8 ||   125
Dodge: Dodged            |    83 |     7 ||    90
Block: Shield            |   130 |     3 ||   133
